Map: Ever Dream LE

Players

Silky

  • Race: Zerg Zerg
  • Spawn Location: 7:00

Cuddlebear - Winner!

  • Race: Terran Terran
  • League: Master
  • Spawn Location: 1:00

Event: DreamHack SC2 Masters 2020 Fall

VOD

Have the link to the VOD?

Description

Time

  • Played on: Sept. 6, 2020, 3:24 p.m.
  • Length: 9:31

All games in this series

Show
View Real Time Build Order
Export as new Build Order

Silky Zerg 

Build Orders: Pool First 

Get SALT Encoding   

  12  0:00  Drone  
  13  0:12  Overlord  
  13  0:16  Drone  
  14  0:30  Drone x2  
  14  0:34  Drone  
  17  0:44  Extractor  
  17  0:45  Drone  
  17  0:49  Spawning Pool  
  16  0:56  Drone  
  17  1:07  Drone  
  18  1:18  Hatchery  
  17  1:21  Drone  
  18  1:35  Zergling x2, Queen  
  21  1:41  Overlord  
  21  1:48  Metabolic Boost  
  21  1:52  Drone  
  23  2:01  Drone  
  23  2:11  Queen  
  23  2:14  Drone  
  26  2:23  Drone  
  29  2:30  Drone  
  28  2:39  Extractor  
  28  2:41  Hatchery, Drone x2  
  28  2:44  Drone  
  29  2:49  Drone x2  
  32  2:53  Overlord  
  32  2:58  Zergling x2  
  33  3:04  Queen  
  35  3:07  Drone  
  36  3:15  Drone x3  
  36  3:18  Drone x2  
  41  3:20  Drone  
  41  3:24  Queen  
  44  3:27  Overlord  
  44  3:32  Spore Crawler  
  44  3:33  Drone  
  45  3:36  Overlord  
  45  3:41  Baneling Nest  
  45  3:45  Queen  
  45  3:46  Drone  
  45  3:47  Drone  
  45  3:48  Drone  
  49  3:53  Overlord  
  49  3:56  Queen  
  49  4:00  Zergling x4  
  52  4:09  Overlord  
  52  4:11  Queen  
  52  4:14  Zergling x6  
  57  4:18  Drone  
  57  4:19  Spore Crawler, Drone  
  58  4:24  Drone x3  
  58  4:25  Drone  
  58  4:28  Zergling x4  
  64  4:32  Overlord  
  64  4:35  Spore Crawler, Drone  
  64  4:38  Drone x2  
  64  4:40  Drone  
  64  4:42  Drone  
  64  4:45  Zergling x4  
  70  4:46  Zergling x2  
  70  4:50  Lair  
  70  4:52  Drone  
  72  4:56  Drone x3  
  72  4:59  Drone x2  
  75  5:07  Drone x2  
  75  5:09  Drone  
  75  5:10  Drone  
  75  5:11  Extractor  
  75  5:12  Drone x2, Extractor  
  75  5:13  Extractor  
  78  5:18  Drone  
  78  5:19  Drone x2  
  78  5:20  Drone  
  81  5:22  Overlord x2  
  81  5:24  Overlord  
  81  5:30  Overlord  
  81  5:34  Overlord x2  
  79  5:38  Overlord  
  72  5:44  Zergling x2, Drone x3  
  71  5:52  Zergling x8  
  71  5:54  Drone x3  
  73  5:57  Drone  
  73  5:59  Zergling x2  
  64  6:08  Hatchery, Drone  
  57  6:12  Drone  
  57  6:15  Drone  
  59  6:20  Drone x2  
  59  6:23  Drone  
  60  6:27  Drone x2  
  60  6:30  Drone  
  60  6:31  Drone  
  64  6:36  Centrifical Hooks  
  64  6:37  Drone  
  64  6:39  Drone  
  66  6:41  Drone  
  67  6:50  Drone x2  
  67  6:52  Drone x2  
  71  6:54  Zergling x4  
  71  6:59  Evolution Chamber  
  71  7:00  Evolution Chamber  
  70  7:02  Zergling x4  
  70  7:03  Zergling x6  
  70  7:06  Zergling x2  
  75  7:14  Zergling x6  
  78  7:21  Zergling x4  
  80  7:23  Zergling x4  
  80  7:24  Zergling x4  
  80  7:26  Overlord  
  80  7:28  Zerg Ground Armor Level 1  
  80  7:31  Drone  
  80  7:32  Drone  
  80  7:36  Zergling x12  
  88  7:39  Zergling x2  
  88  7:40  Zergling x2  
  89  7:52  Zergling x10  
  89  7:54  Overlord  
  89  7:55  Hatchery  
  89  7:57  Overlord  
  88  8:00  Spire  
  88  8:01  Zergling x2  
  88  8:02  Zergling x10  
  91  8:09  Baneling x8  
  91  8:10  Zergling x4  
  91  8:13  Zergling x4  
  91  8:14  Overlord  
  91  8:16  Drone x2  
  91  8:17  Drone  
  95  8:21  Overlord  
  76  8:34  Zergling x16  
  78  8:42  Zergling x4  
  78  8:48  Queen, Evolution Chamber x2  
  76  8:50  Zergling x10  
  82  9:01  Zergling x6  
  72  9:11  Drone x3  
  72  9:12  Zergling x2  
  72  9:15  Baneling  
  72  9:16  Baneling x10  
Show
View Real Time Build Order
Export as new Build Order

Cuddlebear Terran - Winner!

Build Orders: Liberator Opening, Reaper Expand 

Get SALT Encoding   

  12  0:00  SCV  
  13  0:12  SCV  
  14  0:17  Supply Depot  
  14  0:24  SCV  
  15  0:39  SCV  
  15  0:41  Barracks  
  16  0:46  Refinery  
  16  0:51  SCV  
  17  1:03  SCV  
  18  1:15  SCV  
  19  1:29  Reaper, Orbital Command  
  20  1:41  Command Center  
  20  1:50  Supply Depot  
  20  1:56  SCV  
  20  2:01  Marine  
  22  2:06  Factory  
  22  2:10  SCV  
  23  2:18  Refinery  
  23  2:23  Barracks Reactor  
  23  2:26  SCV  
  24  2:38  SCV  
  25  2:50  SCV  
  26  2:55  Orbital Command  
  26  2:56  Starport  
  26  3:02  SCV  
  26  3:05  Hellion x2  
  31  3:08  Barracks Tech Lab  
  31  3:14  SCV  
  31  3:20  Supply Depot  
  31  3:22  SCV  
  31  3:26  SCV, Hellion  
  35  3:28  Hellion  
  37  3:34  Liberator  
  37  3:38  SCV  
  37  3:39  SCV  
  42  3:47  Hellion  
  44  3:49  Hellion  
  44  3:50  SCV  
  44  3:54  Supply Depot  
  44  3:55  SCV  
  48  4:02  SCV, Stimpack  
  49  4:07  SCV  
  49  4:09  Hellion  
  52  4:11  Hellion  
  52  4:16  SCV  
  55  4:17  Liberator  
  55  4:19  SCV  
  55  4:20  Supply Depot  
  59  4:28  SCV  
  60  4:33  Command Center  
  60  4:34  SCV  
  61  4:40  SCV  
  62  4:46  Factory Reactor  
  62  4:47  SCV, Barracks  
  62  4:51  Barracks  
  62  4:52  SCV  
  64  4:55  Marine  
  66  5:00  SCV  
  66  5:01  Starport Reactor  
  66  5:04  SCV  
  64  5:11  Engineering Bay  
  64  5:12  SCV, Engineering Bay  
  64  5:13  Marine  
  66  5:15  Refinery x2  
  66  5:16  SCV  
  67  5:24  SCV  
  68  5:28  SCV, Factory Reactor  
  68  5:30  Marine  
  70  5:38  Terran Infantry Weapons Level 1, Terran Infantry Armor Level 1  
  70  5:39  Supply Depot  
  70  5:40  Supply Depot  
  70  5:44  SCV x2, Marine x2  
  70  5:48  Marine  
  76  5:50  Barracks Reactor  
  76  5:51  Medivac  
  76  5:57  SCV x2  
  75  6:02  Marine x2  
  77  6:06  Marine  
  77  6:09  SCV x2  
  77  6:10  Widow Mine  
  77  6:11  Widow Mine  
  74  6:13  Barracks x2  
  74  6:16  Orbital Command  
  72  6:19  Medivac  
  72  6:20  Marine x2  
  72  6:21  SCV, Combat Shield  
  72  6:24  Marine  
  78  6:27  Marine  
  78  6:28  Marine  
  78  6:30  Medivac  
  82  6:38  Supply Depot, Marine x2  
  82  6:39  Widow Mine x2  
  88  6:42  Marine  
  88  6:45  Marine  
  90  6:49  Medivac  
  90  6:53  Marine  
  93  6:55  Marine x2  
  93  7:00  Medivac  
  93  7:01  Widow Mine x2  
  101  7:03  Barracks Reactor  
  101  7:05  Barracks  
  101  7:07  Barracks  
  101  7:08  Marine  
  101  7:10  Marine  
  101  7:14  Marine  
  104  7:17  Marine  
  104  7:20  Marine x3  
  104  7:21  Medivac  
  107  7:29  Marine x2  
  108  7:31  Orbital Command, Widow Mine  
  108  7:32  Armory  
  108  7:33  SCV  
  109  7:37  Armory  
  109  7:43  Marine, Widow Mine  
  112  7:45  Marine  
  112  7:49  SCV x2  
  112  7:50  Marine x2  
  117  7:54  Supply Depot, Marine x2  
  117  7:55  Marine  
  114  7:58  SCV  
  111  8:07  Marine x4  
  111  8:08  Marine x2, Widow Mine x2  
  111  8:09  Barracks Reactor  
  111  8:10  Barracks Reactor  
  111  8:11  SCV  
  111  8:12  Marine  
  123  8:13  SCV  
  123  8:14  SCV  
  125  8:20  Marine  
  125  8:23  SCV  
  125  8:25  SCV  
  125  8:26  SCV  
  129  8:31  Marine x3  
  131  8:35  Supply Depot  
  131  8:36  SCV, Supply Depot  
  131  8:38  Marine  
  131  8:40  Marine  
  133  8:44  Widow Mine  
  133  8:56  SCV x3, Marine, Widow Mine  
  133  9:00  Marine x2  
  133  9:01  Marine x8  
  133  9:02  Marine  
  138  9:04  Marine  
  138  9:08  SCV x2  
  141  9:12  Factory  
  149  9:31  Supply Depot  

Tags
 
Add a new tag
Caveats
  • Supply blocks, unpowered buildings, or Contaminate may cause inaccurate times.
  • Supply counts are checked every 10 seconds.